 Dungeon Crawl Stone Soup version 0.14-a0-2124-ga163777 (webtiles) character file.

543 4tharraofdagon the Firebug (level 7, -3/34 HPs)
             Began as a Vine Stalker Fire Elementalist on Jan 27, 2014.
             Was a Priest of Makhleb.
             Slain by a giant frog (8 damage)
             ... on Level 6 of the Dungeon.
             The game lasted 00:14:30 (1696 turns).

4tharraofdagon the Firebug (VSFE)                   Turns: 1696, Time: 00:14:30

HP  -3/34        AC  2     Str 10      XL: 7   Next:  8%
MP   0/17        EV 12     Int 17      God: Makhleb [***...]
Gold 77          SH  0     Dex 15      Spells:  3 memorised,  5 levels left

rFire  . . .     SeeInvis .     u - +0 short sword
rCold  + . .     Clarity  .     a - +0 robe
rNeg   . . .     Conserve .     (no shield)
rPois  .         rCorr    .     (no helmet)
rElec  .         rRot     +     (no cloak)
SustAb . .       Spirit   +     (no gloves)
rMut   .         Warding  .     (no boots)
Saprov . . .     Stasis   .     i - amulet of guardian spirit
MR     +....                    y - ring of protection from cold {unknown}
                                k - ring of protection from magic {unknown}

@: very slightly contaminated, somewhat resistant to hostile enchantments,
fairly stealthy
A: fangs 2, regeneration 2, magic shield, antimagic bite, no device heal
a: Minor Destruction, Lesser Servant of Makhleb, Renounce Religion


You were on level 6 of the Dungeon.
You worshipped Makhleb.
Makhleb was most pleased with you.
You were hungry.

You visited 1 branch of the dungeon, and saw 6 of its levels.
You also visited: Sewer.

You collected 77 gold pieces.

Inventory:

Hand weapons
 t - a +0 orcish blowgun
 u - a +0,+0 short sword (weapon)
Missiles
 e - 14 darts (quivered)
 v - 25 poisoned needles
 z - 18 exploding darts
Armour
 a - a +0 robe (worn)
 n - a +0 elven scale mail
Comestibles
 c - 2 bread rations
 h - a meat ration
Scrolls
 d - a scroll of immolation {unknown}
 l - a scroll of fog {unknown}
 m - a scroll of enchant armour {unknown}
 o - a scroll of remove curse
 A - a scroll of teleportation {unknown}
Jewellery
 i - an amulet of guardian spirit (around neck)
 k - a ring of protection from magic (left hand) {unknown}
 y - a ring of protection from cold (right hand) {unknown}
Potions
 f - 2 potions of flight {unknown}
 g - 5 potions of curing {unknown}
 j - a potion of degeneration {unknown}
 p - 2 potions of heal wounds
 q - 3 potions of might {unknown}
 r - 2 potions of brilliance {unknown}
 s - a potion of agility {unknown}
 x - a potion of lignification {unknown}
Books
 b - a book of Flames

   Spells                             Type                      Level
   *Flame Tongue                      Conjuration/Fire             1
   Throw Flame                        Conjuration/Fire             2
   *Conjure Flame                     Conjuration/Fire             3
   Inner Flame                        Hexes/Fire                   3
   *Sticky Flame                      Conjuration/Fire             4
   Fireball                           Conjuration/Fire             5
 w - a book of Changes

   Spells                             Type                      Level
   Beastly Appendage                  Transmutation                1
   Sticks to Snakes                   Transmutation                2
   Spider Form                        Transmutation/Poison         3
   Ice Form                           Ice/Transmutation            4
   Blade Hands                        Transmutation                5


   Skills:
 + Level 1.8 Fighting
 - Level 1.5 Dodging
 - Level 2.4 Stealth
 + Level 3.6 Spellcasting
 * Level 4.2 Conjurations
 * Level 5.2 Fire Magic


You had 5 spell levels left.
You knew the following spells:

 Your Spells              Type           Power        Failure   Level  Hunger
a - Flame Tongue          Conj/Fire      ###..        2%          1    None
b - Conjure Flame         Conj/Fire      ###.....     10%         3    ###....
c - Sticky Flame          Conj/Fire      ###.....     24%         4    ####...


Dungeon Overview and Level Annotations

Branches:
Dungeon (6/16)
 Temple: D:4-7

Altars:
Elyvilon
Fedhas
Makhleb
Xom


Innate Abilities, Weirdness & Mutations

You have extremely sharp teeth.
You heal very quickly.
When hurt, damage is shared between your health and your magic reserves.
Your bite disrupts and absorbs the magic of your enemies.
Potions and wands cannot restore your HP.


Message History

The giant frog is heavily wounded.
The giant frog hits you. The giant frog hits you!
You hit the giant frog. Your bite misses the giant frog.
The giant frog is almost dead.
The giant frog hits you.
You barely miss the giant frog. Your bite misses the giant frog.
The giant frog is almost dead.
The giant frog hits you.
* * * LOW HITPOINT WARNING * * *
The giant frog hits you.
* * * LOW HITPOINT WARNING * * *
Casting: Flame Tongue
Confirm with . or Enter, or press ? or * to list all spells.
You don't have enough magic to cast that spell.
Unknown command.
You aren't carrying any items that can be evoked.
You hit the giant frog. Your bite misses the giant frog.
The giant frog is almost dead.
The giant frog hits you!
You die...

###.##### ###.##.#
#.......# #.......
#########.#.###.# #.#.##.#
#...............###.#.....
#.######>.............##.#
#####........###.#.##.#
#......#..<..# #.#.##.#
#.###........# #....w.#
#.@#.##.## #.....##
#.F.....# #.#.#.#
##.#.#### #l#.#.# #....<#
#...#.# .$....# . #
##..(..# #.....# #.....#
..#####


You could see a giant frog.

Vanquished Creatures
  A phantom (D:6)
  An ogre (D:5)
  A giant frog (D:6)
  An orc wizard (D:6)
  A big fish (D:5)
  A scorpion (D:6)
  2 green rats (Sewer)
  4 adders
  19 grey rats (Sewer)
  An iguana skeleton (D:6)
  2 giant geckos
  7 ball pythons (Sewer)
  A bat (D:1)
  A giant cockroach (D:5)
  4 goblins
  5 hobgoblins
  3 jackals (D:3)
  19 kobolds
  A hobgoblin skeleton (D:6)
  5 rats
  A fungus (D:5)
81 creatures vanquished.

Notes
Turn   | Place    | Note
--------------------------------------------------------------
     0 | D:1      | 4tharraofdagon, the Vine Stalker Fire Elementalist, began the quest for the Orb.
     0 | D:1      | Reached XP level 1. HP: 9/9 MP: 3/3
   123 | D:1      | Reached XP level 2. HP: 13/13 MP: 0/5
   272 | D:2      | Found a burning altar of Makhleb.
   274 | D:2      | Found a shimmering altar of Xom.
   284 | D:2      | Became a worshipper of Makhleb the Destroyer
   615 | D:3      | Reached XP level 3. HP: 16/16 MP: 3/7
   620 | D:3      | Learned a level 3 spell: Conjure Flame
   690 | D:5      | Entered Level 5 of the Dungeon
   795 | D:5      | Noticed an ogre
   809 | D:5      | Killed an ogre
   809 | D:5      | Reached skill level 4 in Fire Magic
   809 | D:5      | Reached XP level 4. HP: 19/21 MP: 0/9
   847 | D:5      | Found a glowing drain.
   876 | D:5      | Reached XP level 5. HP: 19/25 MP: 1/12
   886 | Sewer    | Entered a sewer
   892 | Sewer    | Learned a level 4 spell: Sticky Flame
   951 | Sewer    | Acquired Makhleb's first power
  1139 | Sewer    | Reached skill level 1 in Fighting
  1183 | Sewer    | Acquired Makhleb's second power
  1280 | Sewer    | Gained mutation: You heal very quickly. [vine stalker growth]
  1280 | Sewer    | Reached XP level 6. HP: 13/30 MP: 0/15
  1466 | D:5      | Found a blossoming altar of Fedhas.
  1621 | D:6      | Found a white marble altar of Elyvilon.
  1631 | D:6      | Reached skill level 5 in Fire Magic
  1672 | D:6      | Acquired Makhleb's third power
  1672 | D:6      | Reached XP level 7. HP: 34/34 MP: 0/17
  1696 | D:6      | Slain by a giant frog

Action                   |  1- 3 |  4- 6 |  7- 9 || total
-------------------------+-------+-------+-------++-------
Melee: Unarmed           |    30 |    43 |       ||    73
       Short sword       |       |     6 |     5 ||    11
 Fire: Blowgun           |       |     4 |       ||     4
Throw: Dart              |     7 |       |       ||     7
 Cast: Flame Tongue      |    43 |    90 |     2 ||   135
       Conjure Flame     |     1 |     2 |       ||     3
       Sticky Flame      |       |     1 |       ||     1
  Use: Potion            |       |     1 |       ||     1
       Scroll            |       |     1 |       ||     1
